 Dungeon Crawl Stone Soup version 0.16-a0-327-gbff0e38 (webtiles) character file.

133 Ratboiler the Sneak (level 5, -1/31 HPs)
             Began as an Octopode Ice Elementalist on Sept 5, 2014.
             Slain by a centaur zombie (5 damage)
             ... on Level 3 of the Dungeon.
             The game lasted 00:11:23 (3589 turns).

Ratboiler the Sneak (Octopode Ice Elementalist)     Turns: 3589, Time: 00:11:23

HP  -1/31        AC  1     Str  7      XL: 5   Next: 16%
MP   8/9         EV 21     Int 18      God:
Gold 89          SH  0     Dex 18      Spells:  2 memorised,  5 levels left

rFire  . . .     SeeInvis .     a - +0 morningstar
rCold  . . .     Clarity  .     (no shield)
rNeg   . . .     rCorr    .     (helmet restricted)
rPois  .         rRot     .     (no amulet)
rElec  .         Spirit   .     i - ring of sustain abilities
SustAb +         Warding  .     d - +3 ring of evasion
rMut   .         Stasis   .     (no ring)
Gourm  .                        (no ring)
MR     .....                    (no ring)
                                (no ring)
                                (no ring)
                                (no ring)

@: agile, not resistant to hostile enchantments, quite stealthy
A: almost no armour, amphibious, 8 rings, constrict 8, camouflage 1, gelatinous
body 1
a: no special abilities


You were on level 3 of the Dungeon.
You were not hungry.

You visited 1 branch of the dungeon, and saw 3 of its levels.

You collected 89 gold pieces.

Inventory:

Hand weapons
 a - a +0 morningstar (weapon)
 b - a cursed -3 blowgun
Missiles
 p - 15 poisoned needles
Comestibles
 c - 3 bread rations
 h - 2 slices of pizza
 q - 5 chunks of orc flesh
Scrolls
 f - a scroll of fear {unknown}
 j - a scroll of noise {unknown}
 k - 2 scrolls of identify {unknown}
 l - a scroll of recharging {unknown}
 m - a scroll of remove curse {unknown}
Jewellery
 d - a +3 ring of evasion (right tentacle)
 i - a ring of sustain abilities (left tentacle)
Potions
 e - a potion of resistance {unknown}
 g - a potion of agility
Books
 o - a book of Frost

   Spells                             Type                      Level
   *Freeze                            Ice                          1
   *Throw Frost                       Conjuration/Ice              2
   Ozocubu's Armour                   Charms/Ice                   3
   Throw Icicle                       Conjuration/Ice              4
   Summon Ice Beast                   Ice/Summoning                4
   Condensation Shield                Ice                          4


   Skills:
 - Level 2.0 Dodging
 + Level 5.0 Stealth
 - Level 2.0 Spellcasting
 * Level 2.8 Conjurations
 + Level 3.9 Ice Magic


You had 5 spell levels left.
You knew the following spells:

 Your Spells              Type           Power        Failure   Level  Hunger
a - Freeze                Ice            ###.         4%          1    #......
b - Throw Frost           Conj/Ice       ##....       10%         2    ##.....


Dungeon Overview and Level Annotations

Branches:
Dungeon (3/15)

Altars:


Innate Abilities, Weirdness & Mutations

You cannot wear most types of armour.
You are amphibious.
You can wear up to eight rings at the same time.
You can use your tentacles to constrict many enemies at once.
Your skin changes colour to match your surroundings (Stealth).
Your rubbery body absorbs attacks (AC +1).


Message History

The centaur zombie barely misses you. The centaur zombie closely misses you.
There is an open door here.
Drink which item? (? for menu, Esc to quit)
You feel better.
It was a potion of curing.
The centaur zombie misses you. The centaur zombie barely misses you.
The centaur zombie closely misses you. The centaur zombie hits you!
* * * LOW HITPOINT WARNING * * *
Your magical contamination has completely faded away.
Drink which item? (? for menu, Esc to quit)
You feel agile all of a sudden.
It was a potion of agility.
The centaur zombie barely misses you.
Drink which item? (? for menu, Esc to quit)
You feel better. The centaur zombie misses you.
You hit the centaur zombie. The centaur zombie misses you.
The centaur zombie hits you!
* * * LOW HITPOINT WARNING * * *
The centaur zombie hits you.
You die...

#.#.##..# ##...#.##.##)#
#.#.##..######.##.##.##.#
#....................##.#
####.##########.##.#####.#
#......# ##+##.#####.# #.##.#.#
##...#...%...# #.##.#.#
##.....######### #.##...#
##.......## ##.##
####.#....####..@......####...##.
.............+..Z......'.........
####.#....####.........####...##.
#.#.#..# ##....<..## ##..#
#......# ##.....## ###.##.
##...### ##...## #....?. .###.
##+## #.#.### #[ .. #.#.. #. .# #
####


You could see a centaur zombie.

Vanquished Creatures
  Natasha (D:3)
  2 adders (D:2)
  A giant mite (D:3)
  A worm (D:2)
  3 giant geckos
  2 orcs (D:3)
  A ball python (D:2)
  9 hobgoblins
  9 jackals
  6 bats
  6 giant cockroaches
  8 goblins
  10 kobolds
  9 rats
68 creatures vanquished.

Notes
Turn   | Place    | Note
--------------------------------------------------------------
     0 | D:1      | Ratboiler, the Octopode Ice Elementalist, began the quest for the Orb.
     0 | D:1      | Reached XP level 1. HP: 11/11 MP: 3/3
   265 | D:1      | Reached XP level 2. HP: 4/17 MP: 0/4
   683 | D:1      | Learned a level 2 spell: Throw Frost
  1041 | D:1      | Reached skill level 4 in Stealth
  1319 | D:1      | Reached XP level 3. HP: 18/21 MP: 6/6
  2050 | D:2      | Reached XP level 4. HP: 21/27 MP: 1/7
  3170 | D:3      | Noticed Natasha
  3190 | D:3      | Killed Natasha
  3190 | D:3      | Reached XP level 5. HP: 25/31 MP: 2/9
  3405 | D:3      | Reached skill level 5 in Stealth
  3589 | D:3      | Slain by a centaur zombie

Action                   |  1- 3 |  4- 6 || total
-------------------------+-------+-------++-------
Melee: Unarmed           |    65 |       ||    65
       Morningstar       |     7 |    55 ||    62
 Cast: Freeze            |    20 |     6 ||    26
       Throw Frost       |    17 |     8 ||    25
  Use: Potion            |       |     3 ||     3
 Stab: Sleeping          |     3 |    11 ||    14
  Eat: Chunk             |     5 |     5 ||    10
